 Dungeon Crawl Stone Soup version 0.29.0-4-gdea44cf6ec (webtiles) character file.

Game seed: 16661351027498131225

4634 night the Grappler (level 10, -10/88 HPs)
             Began as a Troll Fighter on Aug 26, 2022.
             Was a Believer of Nemelex Xobeh.
             Mangled by Joseph
             ... wielding a +0 quarterstaff
              (14 damage)
             ... on level 8 of the Dungeon.
             The game lasted 00:14:34 (6869 turns).

night the Grappler (Troll Fighter)                  Turns: 6869, Time: 00:14:34

Health: -10/88     AC:  7    Str: 36    XL:     10   Next: 20%
Magic:  13/13      EV:  9    Int:  4    God:    Nemelex Xobeh [**....]
Gold:   446        SH:  9    Dex:  9    Spells: 9/9 levels left

rFire   . . .      SeeInvis .     - Unarmed
rCold   . . .      Faith    .   b - +0 kite shield
rNeg    . . .      Spirit   .   a - +0 robe
rPois   .          Reflect  .   z - +0 hat
rElec   .          Harm     .   f - +2 cloak
rCorr   +          Rampage  .   (gloves unavailable)
Will    .....                   (boots unavailable)
Stlth   +.........              (no amulet)
HPRegen 1.04/turn               v - ring of resist corrosion
MPRegen 0.13/turn               C - +6 ring of strength

@: no status effects
A: large, unfitting armour, claws 3, regeneration 1, shaggy fur 1, tough skin 1
a: Renounce Religion, Draw Escape, Draw Destruction, Draw Summoning


You were on level 8 of the Dungeon.
You worshipped Nemelex Xobeh.
Nemelex Xobeh was pleased with you.
You visited 2 branches of the dungeon, and saw 12 of its levels.
You also visited: Sewer.

You collected 446 gold pieces.

Inventory:

Hand Weapons
 g - a +2 dagger of venom
Missiles
 h - 47 stones
 q - 2 curare-tipped darts
 w - 4 throwing nets
 A - 12 poisoned darts (quivered)
Armour
 a - a +0 robe (worn)
 b - a +0 kite shield (worn)
 f - a +2 cloak (worn)
 z - a +0 hat (worn)
Jewellery
 t - a +6 ring of strength
 v - a ring of resist corrosion (left claw)
 C - a +6 ring of strength (right claw)
Wands
 y - a wand of flame (19)
 B - a wand of charming (8)
 E - a wand of roots (9)
Scrolls
 k - 3 scrolls of enchant armour
 l - 3 scrolls of teleportation
 D - 2 scrolls of noise
 G - 2 scrolls of enchant weapon
Potions
 c - 3 potions of might
 d - 2 potions of cancellation
 e - 2 potions of invisibility {unknown}
 i - 4 potions of lignification
 j - 2 potions of mutation {unknown}
 m - 3 potions of attraction {unknown}
 n - a potion of berserk rage {unknown}
 o - a potion of resistance {unknown}
 p - 2 potions of flight {unknown}
 r - 2 potions of brilliance {unknown}
 s - 5 potions of haste
 u - 3 potions of heal wounds
 x - 4 potions of curing
 F - a potion of magic {unknown}
Miscellaneous
 H - a box of beasts


   Skills:
 - Level 2.4 Fighting
 - Level 2.4 Dodging
 + Level 7.7 Shields
 * Level 11.2 Unarmed Combat
 + Level 5.7 Invocations


You had 9 spell levels left.
You didn't know any spells.
Your spell library contained the following spells:

 Spells                   Type           Power      Damage    Failure   Level
 Apportation              Tloc           0%         N/A       75%         1
 Wereblood                Tmut           0%         N/A       86%         2
 Ozocubu's Armour         Ice            0%         N/A       98%         3
 Cause Fear               Hex            0%         N/A       100%        4
 Alistair's Intoxication  Tmut/Pois      0%         N/A       100%        5
 Metabolic Englaciation   Hex/Ice        0%         N/A       100%        5
 Simulacrum               Ice/Necr       0%         N/A       100%        6
 Dragon Form              Tmut           0%         N/A       100%        7
 Chain Lightning          Conj/Air       0%         N/A       100%        9
 Dragon's Call            Summ           0%         N/A       100%        9
 Fire Storm               Conj/Fire      0%         5d1       100%        9
 Shatter                  Erth           0%         3d5*      100%        9


Dungeon Overview and Level Annotations

Branches:
Dungeon (11/15)            Temple (1/1) D:5           Sewer (visited)
   Lair: D:8-11         Orc: D:9-12

Altars:
Ashenzari
Dithmenos
Elyvilon
Fedhas
Gozag
Hepliaklqana
Kikubaaqudgha
Makhleb
Nemelex Xobeh
Okawaru
Qazlal
Ru
Sif Muna
Trog
Uskayaw
Vehumet
Wu Jian
Xom
Zin
The Shining One

Annotations:
D:8 Joseph


Innate Abilities, Weirdness & Mutations

You are too large for most types of armour.
You have claws for hands.
Your natural rate of healing is unusually fast.
You are covered in fur. (AC +1)
You have tough skin. (AC +1)


Message History

A centaur comes into view.
The centaur wields a +0 shortbow.
The centaur shoots an arrow.
The arrow hits you.
Things that are here:
a +0 giant club; a +0 giant club Joseph, a Mercenary comes into view.
He is wielding a +0 quarterstaff.
Joseph shouts!
Joseph unwields a +0 quarterstaff.
Joseph wields a +0 sling.
Joseph shoots a sling bullet.
The sling bullet hits you!
The centaur shoots an arrow.
The arrow hits you.
The centaur shoots an arrow.
The arrow hits you!
Joseph shoots a sling bullet.
The sling bullet hits you.
The centaur shoots an arrow.
The arrow hits you!
The centaur shoots an arrow.
The arrow hits you!
Joseph shoots a sling bullet.
You block the sling bullet.
The centaur shoots an arrow.
The arrow barely misses you.
Joseph shoots a sling bullet.
The sling bullet hits you but does no damage.
You mangle the centaur!!
You kill the centaur!
Joseph shoots a sling bullet.
You block the sling bullet.
Joseph shoots a sling bullet.
The sling bullet hits you.
You mangle Joseph!!
Joseph is heavily wounded.
Joseph unwields a +0 sling.
Joseph wields a +0 quarterstaff.
Joseph hits you with a +0 quarterstaff!
* * * LOW HITPOINT WARNING * * *
You are too injured to fight recklessly!
You mangle Joseph!!
Joseph is almost dead.
Joseph hits you with a +0 quarterstaff!
* * * LOW HITPOINT WARNING * * *
You scratch Joseph.
Joseph is almost dead.
Joseph hits you with a +0 quarterstaff!
* * * LOW HITPOINT WARNING * * *
You barely miss Joseph.
Joseph is almost dead.
Joseph hits you with a +0 quarterstaff!
You die...
Your body glows slightly and disappears.

# ## ##. ###.. . ##....
..############ ##.....
.............#####<.#...
...................##...
......@@..........###...
........)....)..### ##..
...............## ####..
#.............## ##.....
#.............# ##......
##............# #.......
#............###.......
##..........###........
#..........##.........


You could see Joseph.

Vanquished Creatures
  A two-headed ogre (D:8)
  An unseen horror (D:11)
  A hornet (D:8)
  Prince Ribbit (D:6)
  3 yaks (D:10)
  A steam dragon (D:8)
  A shadow (D:11)
  2 vampire mosquitoes (D:10)
  A water moccasin (D:7)
  An ice beast (D:7)
  An orc warrior (D:6)
  3 centaurs
  3 kobold brigands
  5 bullfrogs
  A necrophage (D:4)
  2 scorpions (D:5)
  9 killer bees (D:8)
  2 howler monkeys (D:10)
  2 hounds
  2 jellies (D:4)
  7 orc priests
  4 iguanas
  3 orc wizards
  5 adders
  3 river rats (Sewer)
  A shadow imp (D:7)
  An ufetubus (D:7)
  2 worms
  3 dart slugs
  18 orcs
  5 bats
  8 endoplasms
  8 giant cockroaches
  13 goblins
  5 hobgoblins
  11 jackals
  7 quokkas
  11 ball pythons
  8 frilled lizards
  13 kobolds
  9 rats
188 creatures vanquished.

Vanquished Creatures (others)
  14 plants
14 creatures vanquished.

Grand Total: 202 creatures vanquished

Notes
Turn   | Place    | Note
-------+----------+-------------------------------------------
     0 | D:1      | night the Troll Fighter began the quest for the Orb.
     0 | D:1      | Reached XP level 1. HP: 22/22 MP: 0/0
   105 | D:1      | Reached XP level 2. HP: 29/29 MP: 1/1
   348 | D:1      | Reached skill level 3 in Unarmed Combat
   428 | D:1      | Reached XP level 3. HP: 36/36 MP: 2/2
   870 | D:2      | Found a faded altar of an unknown god.
   946 | D:2      | Found an opulent altar of Gozag.
  1463 | D:3      | Reached XP level 4. HP: 44/44 MP: 3/3
  1666 | D:3      | Found a glowing drain.
  1692 | Sewer    | Entered a sewer
  1728 | Sewer    | Reached skill level 4 in Unarmed Combat
  1763 | Sewer    | Noticed a kobold brigand
  1774 | Sewer    | Killed a kobold brigand
  1775 | Sewer    | Reached XP level 5. HP: 49/50 MP: 4/4
  1817 | Sewer    | Reached skill level 5 in Unarmed Combat
  1891 | Sewer    | Reached XP level 6. HP: 59/59 MP: 5/5
  2398 | D:3      | Found a glowing silver altar of Zin.
  2569 | D:4      | Got the Catalogue of the Monkey's Uncle
  2696 | D:4      | Reached skill level 6 in Unarmed Combat
  3478 | D:5      | Entered Level 5 of the Dungeon
  3524 | D:5      | Found a staircase to the Ecumenical Temple.
  3536 | D:5      | Reached XP level 7. HP: 61/66 MP: 6/6
  3547 | Temple   | Entered the Ecumenical Temple
  3768 | Temple   | Became a worshipper of Nemelex Xobeh the Trickster
  4019 | D:5      | Reached skill level 5 in Shields
  4019 | D:5      | Reached skill level 1 in Invocations
  4192 | D:5      | Reached skill level 7 in Unarmed Combat
  4485 | D:6      | Reached skill level 2 in Invocations
  4485 | D:6      | Reached XP level 8. HP: 72/74 MP: 8/8
  4491 | D:6      | Found a shadowy altar of Dithmenos.
  4491 | D:6      | Found a hide-covered altar of Uskayaw.
  4492 | D:6      | Found a shimmering altar of Xom.
  4624 | D:6      | Reached * piety under Nemelex Xobeh
  4671 | D:6      | Reached skill level 8 in Unarmed Combat
  4739 | D:6      | Found a radiant altar of Vehumet.
  4864 | D:6      | Found a glowing golden altar of the Shining One.
  4876 | D:6      | Found an opulent altar of Gozag.
  4998 | D:6      | Noticed Prince Ribbit
  5031 | D:6      | Killed Prince Ribbit
  5321 | D:7      | Received a gift from Nemelex Xobeh
  5597 | D:7      | Reached skill level 9 in Unarmed Combat
  5605 | D:7      | HP: 9/74 [poisoned by a water moccasin]
  5609 | D:7      | HP: 4/74 [poisoned by a water moccasin]
  5614 | D:7      | HP: 4/74 [poisoned by a water moccasin]
  5806 | D:8      | Reached XP level 9. HP: 80/80 MP: 10/10
  5924 | D:8      | You fall into a shaft and drop 3 floors!
  6036 | D:11     | Killed an unseen horror
  6050 | D:10     | Entered Level 10 of the Dungeon
  6050 | D:10     | Reached ** piety under Nemelex Xobeh
  6173 | D:10     | Received a gift from Nemelex Xobeh
  6204 | D:10     | Reached skill level 10 in Unarmed Combat
  6280 | D:10     | Reached skill level 5 in Invocations
  6322 | D:8      | Identified the +4 dagger of Toidap {vorpal, Str+5}
  6382 | D:8      | HP: 12/80 [killer bee (7)]
  6387 | D:8      | HP: 6/80 [poisoned by a killer bee]
  6677 | D:8      | Reached XP level 10. HP: 29/88 MP: 11/13
  6851 | D:8      | Noticed a two-headed ogre
  6853 | D:8      | Killed a two-headed ogre
  6854 | D:8      | Reached skill level 11 in Unarmed Combat
  6859 | D:8      | Noticed Joseph
  6867 | D:8      | HP: 10/88 [Joseph/+0 quarterstaff (16)]
  6868 | D:8      | HP: 4/88 [Joseph/+0 quarterstaff (7)]
  6869 | D:8      | Mangled by Joseph

Illustrated notes

Levels and vault maps discovered:
D:1:      wheals_arrival_linesprint, layout_rooms
D:2:      layout_basic, shapermc_ecumenical_altar_starsandcircs, basic_altar
D:3:      layout_basic, zin_treasury, portal_sewer_entry_f
D:4:      nicolae_cairo_tiling_very_big, layout_basic,
          chequers_serial_rivers_micro_e, serial_bayou_crossing
D:5:      layout_basic, minmay_temple_entry_antechambers,
          lexackson_kobold_supper
D:6:      layout_loops_ring, gammafunk_temple_overflow_forgotten,
          overflow_temple_1_default, kennysheep_mini_moat,
          mainiacjoe_overflow_paths, uniq_prince_ribbit1
D:7:      layout_rooms, hangedman_decor_diamond_cutter
D:8:      layout_cave_pods, lair_entry_dummy, uniq_joseph
D:9:      layout_loops_ring, overflow_temple_1_default, gammafunk_ghost_cemetery
D:10:     layout_stronghold, amcnicky_altar_gilded, orc_0_dummy,
          evilmike_minifort
D:11:     layout_basic, minivault_21, nicolae_diode_basic, uniq_harold,
          uniq_psyche
Temple:   nicolae_temple_figure_eight

Skill      XL: |  1  2  3  4  5  6  7  8  9 10 |
---------------+-------------------------------+-----
Shields        | 3 4 5 6 7 |  7.7
Unarmed Combat | 3 4 5 6 7 9 10 11 | 11.2
Invocations    | 2 3 5 |  5.7
Fighting       | |  2.4
Dodging        | |  2.4

Action                   |  1- 3 |  4- 6 |  7- 9 | 10-12 || total
-------------------------+-------+-------+-------+-------++-------
Melee: Unarmed           |   123 |   168 |   257 |     5 ||   553
Throw: Dart              |       |       |     3 |       ||     3
Invok: Draw Destruction  |       |       |     1 |     1 ||     2
Evoke: Wand              |       |       |     1 |       ||     1
  Use: Scroll            |       |     5 |    13 |       ||    18
       Potion            |       |       |     1 |       ||     1
 Stab: Sleeping          |     1 |       |       |       ||     1
Armor: Robe              |    62 |    49 |    89 |     1 ||   201
Dodge: Dodged            |    40 |    45 |    73 |     1 ||   159
Block: Kite shield       |    54 |    52 |   109 |     2 ||   217
